 Dungeon Crawl Stone Soup version 0.29.1-15-g9cfb28693d (webtiles) character file.

Game seed: 5862410289756765064

11 croobank the Sneak (level 2, 0/21 HPs)
             Began as an Octopode Delver on Feb 27, 2023.
             Slain by an orc
             ... wielding a +0 dagger
              (2 damage)
             ... on level 7 of the Dungeon.
             The game lasted 00:00:35 (95 turns).

croobank the Sneak (Octopode Delver)                  Turns: 95, Time: 00:00:35

Health: 0/21       AC:  1    Str: 11    XL:     2   Next: 25%
Magic:  2/2        EV: 13    Int: 12    God:
Gold:   0          SH:  0    Dex: 13    Spells: 1/1 levels left

rFire   . . .      SeeInvis .   a - +0 hand axe
rCold   . . .      Faith    .   (no shield)
rNeg    . . .      Spirit   .   (helmet restricted)
rPois   .          Reflect  .   (no amulet)
rElec   .          Harm     .   (no ring)
rCorr   .          Rampage  .   (no ring)
Will    .....                   (no ring)
Stlth   ++++......              (no ring)
HPRegen 0.07/turn               (no ring)
MPRegen 0.08/turn               (no ring)
                                (no ring)
                                (no ring)

@: no status effects
A: almost no armour, amphibious, 8 rings, camouflage 1, gelatinous body 1,
(nimble swimmer 1), tentacles
a: no special abilities


You were on level 7 of the Dungeon.
You visited 1 branch of the dungeon, and saw 3 of its levels.

Inventory:

Hand Weapons
 a - a +0 hand axe (weapon)
Wands
 f - a wand of digging (3)
Scrolls
 b - a scroll of fog
 c - a scroll of magic mapping
Potions
 e - a potion of haste
 g - a potion of curing {unknown}


   Skills:
 + Level 3.1 Fighting
 + Level 2.2 Axes
 + Level 2.2 Dodging
 + Level 6.8 Stealth


You had one spell level left.
You didn't know any spells.
Your spell library was empty.

Dungeon Overview and Level Annotations

Branches:
Dungeon (7/15)
 Temple: D:4-7

Altars:

Annotations:
D:6 Blork the orc


Innate Abilities, Weirdness & Mutations

You cannot wear most types of armour.
You are amphibious.
You can wear up to eight rings at the same time.
Your skin changes colour to match your surroundings (Stealth+).
Your rubbery body absorbs attacks. (AC +1, EV +1)
((You are camouflaged when in or above water. (Stealth+)))
You have tentacles for arms and can constrict up to eight enemies at once.


Message History

An orc warrior comes into view. It is wielding a +0 glaive.
As you read the scroll of fear, it crumbles to dust.
You assume a fearsome visage.
The orc priest looks frightened!
The orc looks frightened! x2
The orc shouts!
The orc warrior looks frightened!
The orc looks frightened!
The orc wizard looks frightened!
The orc wizard shouts!
You hear a shout!
The orc wizard gestures wildly while chanting.
The orc wizard flickers and vanishes!
Deactivating autopickup; reactivate with Ctrl-A.
An orc comes into view. It is wielding a +0 short sword.
The orc closely misses you. The orc misses you.
You hit the orc but do no damage. You grab the orc.
You squeeze the orc, but do no damage.
You constrict the orc, but do no damage.
The orc barely misses you.
You hit the orc.
The orc is moderately wounded.
You constrict the orc, but do no damage.
Cornered, the orc warrior turns to fight!
The orc misses you.
You hit the orc.
The orc is heavily wounded.
You constrict the orc, but do no damage.
The orc hits you with a +0 short sword.
Cornered, the orc turns to fight!
You hit the orc but do no damage. You squeeze the orc.
You kill the orc!
The orc warrior unwields a +0 glaive.
The orc warrior wields a +0 arbalest.
The orc warrior shoots a bolt.
The bolt closely misses you.
The orc warrior shoots a bolt.
The bolt misses you.
The orc warrior shoots a bolt.
The bolt hits you.
* * * LOW HITPOINT WARNING * * *
There is a stone staircase leading up here.
You hit the orc. Your grab misses the orc. Your squeeze misses the orc.
The orc is heavily wounded.
The orc warrior shoots a bolt.
The bolt barely misses you. The orc hits you with a +0 dagger.
You die...

#.# # #####..
.# #...#.# #.#
#...#.# ...
#o..#.####.# #
#...#.#....#...
#...#.#........
#@o)...<.......
#......†..##...
#.........+
#.##......#
#.##......#
#.##....!...
#.##......$#.
#.#######...
#.# ..


You could see an orc warrior and an orc.

Vanquished Creatures
  An adder (D:7)
  An orc (D:7)
2 creatures vanquished.

Notes
Turn   | Place    | Note
-------+----------+-------------------------------------------
     0 | D:5      | croobank the Octopode Delver began the quest for the Orb.
     0 | D:5      | Reached XP level 1. HP: 16/16 MP: 1/1
    69 | D:6      | Noticed Blork the orc
    69 | D:6      | Noticed a hound
    81 | D:7      | Noticed an orc priest
    81 | D:7      | Noticed an orc wizard
    83 | D:7      | Reached XP level 2. HP: 12/21 MP: 2/2
    83 | D:7      | Noticed an orc warrior
    95 | D:7      | Slain by an orc

Illustrated notes

Levels and vault maps discovered:
D:5:      layout_basic, yredelemnul_forgotten_temple_becter,
          mainiacjoe_overflow_alcove_4, chequers_serial_rivers_large_a,
          minmay_misc_feat_doors
D:6:      layout_loops_ring, minmay_misc_feat_room, minmay_misc_feat_iff,
          uniq_blork_the_orc, uniq_menkaure
D:7:      layout_basic, regret_index_temple_of_mockery,
          nicolae_overflow_hidden_temple, serial_rivers,
          chequers_serial_rivers_micro_b, chequers_serial_rivers_room_b,
          chequers_serial_rivers_small_a, chequers_serial_rivers_room_a,
          chequers_serial_rivers_micro_e, chequers_serial_rivers_small_a

Action                   || total
-------------------------++-------
Melee: Hand axe          ||     8
       Constrict         ||     2
       Tentacles         ||     2
  Use: Scroll            ||     1
Dodge: Dodged            ||     9
